Map: 어스름 탑

Players

FearLess

  • Race: Terran Terran

Scarlett - Winner!

  • Race: Zerg Zerg
  • League: Grandmaster

VOD

Have the link to the VOD?

Description

Time

  • Played on: April 14, 2016, 12:26 p.m.
  • Length: 14:39
Show
View Real Time Build Order
Export as new Build Order

FearLess Terran 

Build Orders: Reaper Expand, Bio Tank 

Get SALT Encoding   

  12  0:01  SCV  
  13  0:13  SCV  
  14  0:17  Supply Depot  
  14  0:25  SCV  
  15  0:38  SCV  
  15  0:41  Barracks  
  16  0:45  Refinery  
  16  0:51  SCV  
  17  1:03  SCV  
  18  1:15  SCV  
  19  1:28  Orbital Command  
  19  1:29  Reaper  
  20  1:39  Command Center  
  20  1:49  Supply Depot  
  20  1:54  SCV  
  21  2:01  Barracks Reactor  
  21  2:06  SCV  
  22  2:16  Refinery  
  22  2:18  SCV  
  23  2:22  Factory  
  23  2:30  SCV  
  24  2:42  SCV  
  25  2:46  Marine x2  
  25  2:50  Orbital Command  
  27  2:54  SCV  
  28  3:06  SCV  
  28  3:08  Starport  
  29  3:14  Marine, Hellion x2  
  29  3:18  SCV x2  
  36  3:28  Supply Depot  
  36  3:30  SCV  
  36  3:31  SCV  
  36  3:32  Marine  
  38  3:42  Hellion x2, SCV  
  38  3:43  SCV  
  38  3:47  Medivac  
  46  3:50  Marine, Armory  
  46  3:54  SCV  
  46  3:55  SCV  
  49  3:56  Supply Depot  
  49  4:01  Liberator  
  49  4:03  Hellion  
  49  4:04  Hellion  
  49  4:06  SCV  
  54  4:16  Supply Depot  
  54  4:18  SCV  
  54  4:20  Supply Depot  
  54  4:23  SCV  
  60  4:25  Barracks Tech Lab  
  60  4:26  Hellion  
  61  4:33  SCV  
  61  4:38  Hellion  
  64  4:39  Command Center  
  64  4:44  SCV  
  65  4:50  Hellion  
  65  4:51  Marine  
  65  4:52  Stimpack  
  68  5:03  Hellion x2, SCV  
  68  5:04  SCV  
  66  5:09  Marine  
  65  5:15  SCV  
  65  5:18  Barracks  
  65  5:19  Barracks  
  64  5:22  Barracks  
  64  5:23  Engineering Bay x2, SCV  
  64  5:28  SCV  
  66  5:29  Refinery  
  66  5:30  Refinery  
  66  5:35  SCV  
  66  5:37  Marine, Starport Reactor  
  66  5:38  Factory Tech Lab  
  64  5:50  SCV x2  
  64  5:53  Orbital Command  
  64  5:55  Marine  
  64  5:56  Terran Infantry Armor Level 1, Terran Infantry Weapons Level 1  
  65  5:57  Siege Tank  
  65  6:02  SCV x2  
  69  6:15  Marine, SCV x2  
  69  6:16  Marine  
  74  6:18  SCV  
  74  6:22  Medivac x2  
  74  6:23  Barracks Reactor x2  
  78  6:27  Marine, SCV x2  
  78  6:30  SCV  
  82  6:33  Marine x2  
  82  6:35  Siege Tank  
  82  6:39  Refinery, SCV  
  88  6:42  Barracks x2, Refinery  
  88  6:43  SCV  
  88  6:44  Barracks  
  88  6:45  Missile Turret  
  88  6:46  Terran Vehicle Weapons Level 1  
  89  6:48  SCV  
  89  6:51  SCV, Supply Depot  
  89  6:52  Supply Depot, Missile Turret  
  89  6:53  Marine  
  92  6:55  SCV  
  92  6:57  Combat Shields  
  93  7:12  Marine x5, SCV x3  
  93  7:13  Marine x2  
  93  7:14  Siege Tank  
  106  7:16  Factory  
  106  7:20  Medivac  
  108  7:25  SCV  
  109  7:30  Supply Depot  
  109  7:31  Supply Depot  
  109  7:32  Supply Depot  
  109  7:34  Supply Depot  
  109  7:41  Barracks Reactor x3  
  109  7:45  Command Center  
  109  7:52  Marine x4, Terran Infantry Weapons Level 2, Medivac, SCV x3  
  109  7:56  Terran Infantry Armor Level 2  
  118  7:59  Marine x2  
  120  8:05  Missile Turret x2  
  120  8:09  Marine x3, Factory Tech Lab  
  120  8:12  Marine x2  
  121  8:14  Missile Turret  
  121  8:17  Marine x2  
  124  8:21  Supply Depot  
  124  8:22  Supply Depot  
  124  8:23  Thor  
  124  8:24  Marine x2  
  132  8:30  Siege Tank  
  135  8:35  Marine x2  
  135  8:40  Supply Depot  
  137  8:41  Supply Depot  
  137  8:42  Marine x2, Supply Depot  
  139  8:52  Marine  
  139  8:55  Marine x2  
  142  8:56  Marine x3, Medivac  
  142  8:57  Marine  
  142  9:02  Missile Turret  
  148  9:07  Marine x2, Siege Tank  
  148  9:08  Marine, Siege Tank  
  157  9:10  Marine x4  
  161  9:21  Marine x2  
  161  9:23  SCV  
  164  9:24  Missile Turret  
  164  9:25  Marine  
  164  9:26  Marine x2  
  164  9:29  Planetary Fortress  
  167  9:32  Missile Turret  
  167  9:33  Missile Turret  
  167  9:34  Marine, Missile Turret  
  167  9:35  SCV  
  168  9:43  Marine x2  
  168  9:44  Siege Tank  
  168  9:45  Marine x4, Siege Tank  
  175  9:46  Marine, Marauder  
  175  9:47  Marine x3  
  185  9:58  Medivac x2  
  189  10:00  Marine x2  
  189  10:04  Marine x3  
  189  10:08  Marauder  
  189  10:11  Marine, Refinery  
  136  10:22  Marine  
  136  10:23  Marine  
  136  10:25  Marine x2  
  135  10:28  Marine x2  
  135  10:32  Marine x2  
  135  10:35  Marine x2  
  137  10:37  Siege Tank x2, Medivac x2  
  137  10:38  Marine x2  
  137  10:41  Missile Turret x2  
  137  10:42  Marine  
  152  10:46  Missile Turret  
  152  10:48  SCV  
  152  10:49  SCV  
  154  10:54  Marine x3  
  157  10:57  Missile Turret  
  157  11:00  Terran Infantry Weapons Level 3, SCV  
  157  11:01  Terran Infantry Armor Level 3  
  157  11:02  Liberator  
  157  11:05  Marine  
  157  11:06  Marine x2  
  157  11:08  Marine x3  
  159  11:11  Marine x2  
  159  11:12  SCV, Liberator  
  159  11:14  Marine x2  
  159  11:17  Marine  
  159  11:18  Marine, Siege Tank  
  169  11:19  Siege Tank  
  175  11:27  Marine  
  175  11:30  Marine x6  
  175  11:31  Marine  
  186  11:34  Marine x2  
  188  11:49  Liberator  
  155  11:55  Liberator  
  155  11:59  Marine x3  
  155  12:00  Marine, Siege Tank  
  153  12:01  Marine x3  
  153  12:02  Marine x2  
  153  12:06  Siege Tank  
  153  12:07  Marine x3  
  167  12:09  Marine  
  167  12:11  Starport  
  171  12:17  Marine x4  
  175  12:23  Marine  
  175  12:29  Marine x2, Marauder  
  180  12:32  Siege Tank  
  182  12:40  Marine x2  
  182  12:41  Ghost Academy  
  182  12:42  Marine  
  185  12:44  Command Center, Refinery  
  185  12:45  Marine  
  185  12:46  Supply Depot  
  185  12:47  Liberator x2  
  185  12:48  Liberator  
  185  12:49  Refinery  
  185  12:51  Marine, Marauder  
  162  12:54  Marine x4  
  97  13:20  Marine  
  97  13:23  Marine x2  
  97  13:25  Marine x2, Ghost  
  97  13:26  Marine  
  104  13:32  Barracks  
  104  13:46  Ghost  
  104  13:47  Marine x2  
  108  13:49  Marine  
  108  13:53  Ghost  
  120  14:04  Missile Turret  
  122  14:20  Marine x2  
Show
View Real Time Build Order
Export as new Build Order

Scarlett Zerg - Winner!

Build Orders: Hatch First, Muta Ling Bane 

Get SALT Encoding   

  12  0:01  Drone  
  13  0:10  Drone  
  14  0:19  Overlord  
  14  0:24  Extractor  
  14  0:25  Drone  
  15  0:39  Drone x2  
  17  0:53  Hatchery  
  17  0:56  Drone  
  17  0:59  Drone  
  18  1:12  Spawning Pool  
  17  1:19  Drone x2  
  19  1:28  Drone  
  20  1:38  Drone  
  21  1:44  Hatchery  
  20  1:54  Overlord  
  20  1:59  Queen  
  22  2:08  Queen  
  22  2:10  Zergling x2  
  25  2:16  Drone x2  
  27  2:23  Drone x2  
  29  2:35  Queen  
  31  2:43  Overlord  
  31  2:44  Queen, Drone  
  31  2:49  Drone x2  
  36  2:58  Queen, Drone  
  39  3:03  Drone x2  
  41  3:07  Drone x3  
  41  3:12  Drone  
  45  3:14  Drone  
  45  3:15  Drone x2  
  45  3:19  Drone x2  
  50  3:23  Extractor  
  50  3:25  Overlord, Extractor  
  50  3:26  Drone  
  49  3:28  Extractor  
  47  3:43  Overlord  
  47  3:44  Zergling x4  
  47  3:47  Zergling x4  
  47  3:48  Drone x6  
  57  3:59  Overlord x2  
  57  4:00  Overlord  
  57  4:03  Drone  
  57  4:04  Drone x2  
  57  4:08  Drone  
  61  4:15  Queen  
  61  4:17  Overlord  
  63  4:19  Metabolic Boost  
  63  4:21  Spine Crawler, Zergling x4  
  64  4:27  Evolution Chamber  
  64  4:30  Evolution Chamber, Drone x2  
  64  4:34  Drone x3  
  67  4:39  Spore Crawler  
  67  4:45  Drone x6  
  72  4:50  Queen  
  74  4:55  Zergling x2  
  74  4:56  Zergling x6  
  76  5:11  Drone x9  
  85  5:15  Zerg Ground Armor Level 1, Zerg Melee Weapons Level 1  
  85  5:19  Lair  
  85  5:23  Extractor  
  85  5:25  Drone x3  
  87  5:30  Baneling Nest  
  86  5:36  Drone x2  
  86  5:37  Drone  
  86  5:38  Overlord x3  
  89  5:55  Extractor x2  
  87  6:00  Spore Crawler  
  87  6:02  Drone  
  87  6:03  Drone x8  
  95  6:06  Hatchery  
  95  6:09  Hatchery  
  87  6:13  Zergling x2  
  87  6:14  Zergling x14  
  93  6:19  Centrifical Hooks  
  93  6:21  Spire  
  93  6:23  Drone x2  
  94  6:28  Pneumatized Carapace, Drone  
  95  6:33  Overseer  
  95  6:51  Drone  
  95  6:52  Drone x11  
  107  6:58  Baneling  
  107  6:59  Baneling x7  
  107  7:08  Overseer  
  107  7:12  Overlord x4, Extractor  
  107  7:13  Overlord x2  
  107  7:14  Zerg Melee Weapons Level 2, Zerg Ground Armor Level 2  
  106  7:17  Extractor  
  105  7:30  Overlord x2  
  105  7:35  Mutalisk x5  
  105  7:36  Mutalisk x3  
  121  7:41  Spine Crawler  
  121  7:43  Zerg Flyer Weapons Level 1, Overlord  
  121  7:44  Overlord x2  
  120  7:50  Drone x6  
  120  7:51  Drone x3  
  127  7:56  Mutalisk x2  
  127  7:57  Mutalisk  
  133  8:00  Zergling x4  
  133  8:03  Drone x5  
  140  8:08  Infestation Pit  
  139  8:15  Zergling x22  
  139  8:16  Zergling x4  
  152  8:22  Zergling x4  
  154  8:30  Zergling x2  
  154  8:31  Zergling x12  
  161  8:44  Mutalisk x7  
  161  8:45  Mutalisk  
  161  8:47  Zergling x10  
  182  8:52  Baneling  
  182  8:53  Baneling x8  
  182  8:54  Baneling  
  182  8:57  Zergling x20  
  192  9:04  Zergling x12  
  198  9:10  Baneling x14  
  198  9:11  Zergling x2  
  198  9:15  Baneling x2  
  199  9:18  Extractor x2  
  199  9:19  Hive  
  199  9:20  Zergling x2  
  199  9:21  Zergling x2  
  199  9:34  Zergling x2  
  200  9:44  Zerg Flyer Armor Level 1  
  194  9:45  Zergling x2  
  194  9:46  Spire, Zergling x8  
  194  9:49  Zergling x2  
  199  9:57  Spore Crawler  
  199  9:58  Spine Crawler x2, Spore Crawler  
  195  10:02  Zergling x12  
  134  10:29  Zergling x2  
  134  10:30  Zergling x44  
  153  10:36  Zerg Ground Armor Level 3, Zerg Melee Weapons Level 3  
  153  10:38  Ultralisk Cavern, Adrenal Glands  
  151  10:43  Zergling x14  
  151  10:46  Baneling x9  
  157  10:53  Zergling x14  
  164  11:09  Overlord x4  
  164  11:10  Overseer  
  162  11:12  Greater Spire  
  162  11:13  Pathogen Glands  
  162  11:16  Zergling x24  
  172  11:25  Corruptor  
  172  11:26  Corruptor x4, Chitinous Plating  
  172  11:28  Hatchery  
  172  11:30  Baneling x8  
  172  11:31  Ultralisk, Baneling x4  
  187  11:36  Ultralisk  
  187  11:37  Zergling x6  
  196  11:42  Zergling x8  
  164  11:58  Ultralisk x3, Zergling x2  
  164  11:59  Zergling x16  
  175  12:01  Zergling x4  
  175  12:04  Baneling  
  175  12:05  Baneling x6  
  177  12:11  Baneling x4  
  177  12:12  Zergling x10  
  177  12:15  Baneling x6  
  182  12:22  Zergling x10  
  187  12:23  Zergling x4  
  185  12:31  Zergling x16  
  176  12:51  Ultralisk x2  
  176  12:56  Zergling x2  
  176  12:57  Zergling x14  
  159  13:29  Brood Lord x5  
  159  13:32  Infestor x3  
  175  13:36  Infestor x2  
  175  13:41  Extractor, Drone x3  
  181  13:53  Corruptor x2  
  181  13:54  Corruptor  
  187  14:09  Zergling x2  
  188  14:10  Zergling x18  
  193  14:36  Spore Crawler  
Tags
 
Add a new tag
Caveats
  • Supply blocks, unpowered buildings, or Contaminate may cause inaccurate times.
  • Supply counts are checked every 10 seconds.